 Dungeon Crawl Stone Soup version 0.27-a0-144-gb7e3dba (webtiles) character file.

Game seed: 7856099231482103322

157 Toastz the Chopper (level 5, -1/48 HPs)
             Began as a Hill Orc Monk on Jan 26, 2021.
             Slain by an orc
             ... wielding a +0 hand axe
              (3 damage)
             ... on level 3 of the Dungeon.
             The game lasted 00:11:11 (2442 turns).

Toastz the Chopper (Hill Orc Monk)                  Turns: 2442, Time: 00:11:11

Health: -1/48      AC:  4    Str: 15    XL:     5   Next: 38%
Magic:  5/5        EV: 12    Int: 10    God:
Gold:   159        SH:  0    Dex: 13    Spells: 4/4 levels left

rFire    . . .     SeeInvis .   a - +0 hand axe
rCold    . . .     Faith    .   (no shield)
rNeg     . . .     Spirit   .   h - +0 leather armour
rPois    .         Reflect  .   (no helmet)
rElec    .         Harm     .   m - +0 cloak
rCorr    .         Rampage  .   (no gloves)
Will     .....                  (no boots)
Stlth    ++........             (no amulet)
HPRegen  0.16/turn              (no ring)
MPRegen  0.09/turn              (no ring)

@: no status effects
A: no striking features
a: no special abilities


You were on level 3 of the Dungeon.
You visited 1 branch of the dungeon, and saw 3 of its levels.

You collected 159 gold pieces.

Inventory:

Hand Weapons
 a - a +0 hand axe (weapon)
Missiles
 d - 87 stones (quivered)
Armour
 b - a +0 robe
 h - a +0 leather armour (worn)
 m - a +0 cloak (worn)
Wands
 t - a wand of mindburst (5)
Scrolls
 c - 4 scrolls of remove curse
 g - a scroll of magic mapping {unknown}
 j - 2 scrolls of fog {unknown}
 l - 2 scrolls of immolation {unknown}
 o - 2 scrolls of blinking {unknown}
Potions
 e - 2 potions of degeneration {unknown}
 k - a potion of magic {unknown}
 n - a potion of curing {unknown}
 p - a potion of flight {unknown}
 q - a potion of haste {unknown}
 r - a potion of brilliance {unknown}
 s - a potion of resistance {unknown}


   Skills:
 + Level 5.0 Fighting
 + Level 5.5 Axes
 + Level 2.9 Armour
 - Level 2.4 Dodging
 - Level 1.5 Stealth


You had 4 spell levels left.
You didn't know any spells.
Your spell library was empty.

Dungeon Overview and Level Annotations

Branches:
Dungeon (3/15)

Altars:
Makhleb


Message History

You hit the orc.
The orc is heavily wounded.
You barely miss the orc.
The orc is heavily wounded.
The orc hits you with a +0 hand axe.
* * * LOW HITPOINT WARNING * * *
You closely miss the orc.
The orc is heavily wounded.
The orc misses you.
You hit the orc but do no damage.
The orc is heavily wounded.
The orc completely misses you.
You hit the orc but do no damage.
The orc is heavily wounded.
The orc hits you with a +0 hand axe.
* * * LOW HITPOINT WARNING * * *
You hit the orc but do no damage.
The orc is heavily wounded.
The orc hits you with a +0 hand axe.
You die...

.#...# #.# #...# # (.....#
#.###### ##...#### # .....o.
#.......##.......# #
..(..:(######.......##.#.###.# #
(..o(.[o......#####.##.#.###.###
......#######.##................
.#... #)##..........##.### ###
#.##..........##.# #
#.o@....##.......# #
####.#######.##### # #.# .# #.#
.# #.# #.# #.# ### #.# #.. #.#
#.#


You could see an orc.

Vanquished Creatures
  A scorpion (D:2)
  Terence (D:2)
  A worm (D:2)
  5 dart slugs
  2 leopard geckos
  3 orcs (D:3)
  4 giant cockroaches
  8 goblins
  6 hobgoblins
  6 jackals (D:1)
  A quokka (D:2)
  2 ball pythons
  6 bats
  4 frilled lizards
  6 kobolds
  8 rats
64 creatures vanquished.

Notes
Turn   | Place    | Note
-------+----------+-------------------------------------------
     0 | D:1      | Toastz the Hill Orc Monk began the quest for the Orb.
     0 | D:1      | Reached XP level 1. HP: 19/19 MP: 1/1
   238 | D:1      | Reached XP level 2. HP: 25/27 MP: 2/2
   289 | D:1      | Reached skill level 1 in Armour
   499 | D:1      | Reached XP level 3. HP: 32/33 MP: 3/3
  1177 | D:2      | Noticed Terence
  1187 | D:2      | Killed Terence
  1188 | D:2      | Reached XP level 4. HP: 41/41 MP: 4/4
  1193 | D:2      | Reached skill level 5 in Axes
  1496 | D:2      | Reached skill level 5 in Fighting
  1496 | D:2      | Reached XP level 5. HP: 30/48 MP: 5/5
  2188 | D:3      | Found a burning altar of Makhleb.
  2441 | D:3      | HP: 1/48 [orc/+0 hand axe (5)]
  2442 | D:3      | Slain by an orc

Illustrated notes

Levels and vault maps discovered:
D:1:      dpeg_arrival_short_road, layout_basic, chequers_serial_rivers_micro_d,
          minmay_misc_feat_secret_circle
D:2:      layout_loops_ring, uniq_terence
D:3:      layout_loops_cross, bloody_makhleb

Skill      XL: |  1  2  3  4 |
---------------+-------------+-----
Armour         | 1 2 |  2.9
Fighting       | 4 5 |  5.0
Axes           | 5 |  5.5
Dodging        | |  2.4
Stealth        | |  1.5

Action                   |  1- 3 |  4- 6 || total
-------------------------+-------+-------++-------
Melee: Hand axe          |    75 |   109 ||   184
Throw: Stone             |    19 |    22 ||    41
       Dart              |    48 |    50 ||    98
  Use: Scroll            |       |     3 ||     3
 Stab: Sleeping          |     1 |       ||     1
       Distracted        |       |     1 ||     1
Armor: Leather armour    |    21 |    25 ||    46
       Robe              |     1 |       ||     1
Dodge: Dodged            |    60 |    44 ||   104

Table legend: (Time is in decaauts)
 A = Elapsed time spent in this place.
 B = Non-inter-level travel time spent in this place.
 C = Inter-level travel time spent in this place.
 D = Time resting spent in this place.
 E = Time spent auto-exploring this place.
 F = Levels seen in this place.
 G = Mean time per level.
                   A        B        C        D        E       F      G
               +--------+--------+--------+--------+--------+-----+--------+
         Total |   2454 |   2405 |     49 |    303 |   1542 |   3 |  818.0 |
       Dungeon |   2454 |   2405 |     49 |    303 |   1542 |   3 |  818.0 |
               +--------+--------+--------+--------+--------+-----+--------+

Top non-repeatable levels by time:
     D:1: 1056 daAuts
     D:2: 939 daAuts
     D:3: 458 daAuts
